 Dungeon Crawl Stone Soup version 0.27.1-4-g1640c2035a (webtiles) character file.

Game seed: 8764370395719658389

102 Stomo444 the Grave Robber (level 4, 0/23 HPs)
             Began as a Vine Stalker Necromancer on Nov 12, 2021.
             Slain by a quokka (3 damage)
             ... while paralysed by Grinder
             ... on level 3 of the Dungeon.
             The game lasted 00:02:16 (2826 turns).

Stomo444 the Grave Robber (VSNe)                    Turns: 2826, Time: 00:02:17

Health: 0/23       AC:  2    Str: 12    XL:     4   Next: 77%
Magic:  0/8        EV:  2    Int: 15    God:
Gold:   78         SH:  0    Dex: 14    Spells: 3/7 levels left

rFire    . . .     SeeInvis .   b - +2 dagger (drain)
rCold    . . .     Faith    .   (no shield)
rNeg     . . .     Spirit   +   a - +0 robe
rPois    .         Reflect  .   (no helmet)
rElec    .         Harm     .   (no cloak)
rCorr    .         Rampage  .   (no gloves)
Will     .....                  (no boots)
Stlth    ++........             (no amulet)
HPRegen  1.07/turn              (no ring)
MPRegen  0.11/turn              (no ring)

@: paralysed
A: fangs 2, regeneration 1, magic shield, antimagic bite, no potion heal 2
a: no special abilities


You were on level 3 of the Dungeon.
You visited 1 branch of the dungeon, and saw 3 of its levels.

You collected 78 gold pieces.

Inventory:

Hand Weapons
 b - a +2 dagger of draining (weapon)
 l - a +0 short sword of venom
Armour
 a - a +0 robe (worn)
Wands
 k - a wand of flame (17)
Scrolls
 c - 2 scrolls of enchant weapon {unknown}
 e - a scroll of blinking {unknown}
 h - a scroll of identify {unknown}
 j - a scroll of immolation {unknown}
Potions
 d - a potion of haste {unknown}
 f - a potion of brilliance {unknown}
 g - a potion of lignification {unknown}
 i - a potion of curing {unknown}


   Skills:
 + Level 2.4 Fighting
 + Level 2.4 Short Blades
 + Level 1.9 Dodging
 - Level 2.4 Stealth
 - Level 2.1 Spellcasting
 - Level 4.0 Necromancy


You had 3 spell levels left.
You knew the following spells:

 Your Spells              Type           Power      Damage    Failure   Level
a - Pain                  Necr           52%        1d6       4%          1
b - Vampiric Draining     Necr           6%         2d6       13%         3

Your spell library contained the following spells:

 Spells                   Type           Power      Damage    Failure   Level
 Animate Skeleton         Necr           26%        N/A       4%          1
 Animate Dead             Necr           6%         N/A       38%         4
 Agony                    Necr           13%        N/A       75%         5


Dungeon Overview and Level Annotations

Branches:
Dungeon (3/15)

Altars:

Annotations:
D:3 Grinder


Innate Abilities, Weirdness & Mutations

You have extremely sharp teeth.
Your natural rate of healing is unusually fast.
When hurt, damage is shared between your health and your magic reserves.
Your bite disrupts and absorbs the magic of your enemies.
Potions cannot restore your health.


Message History

A ball python is nearby!
Okay, then.
Grinder comes into view.
Found a cloak.
Grinder shouts!
A quokka comes into view.
Grinder grins, showing sharp teeth.
The ball python barely misses you. The ball python grabs you.
The ball python constricts you.
You barely miss the ball python. The ball python bites you.
The ball python constricts you.
You hit the ball python. You drain the ball python.
You kill the ball python!
You hit Grinder. Your bite misses Grinder.
Grinder is lightly wounded.
Grinder hits you.
You hit Grinder. You bite Grinder.
Grinder's magic leaks into the air.
You drain her magic.
You feel invigorated.
Grinder is lightly wounded.
Grinder hits you!
You writhe in agony.
You closely miss Grinder.
Grinder is lightly wounded.
Grinder closely misses you.
There are monsters nearby!
There are monsters nearby!
Unknown command.
The quokka bites you but does no damage.
Grinder gestures at you.
You suddenly lose the ability to move!
The quokka bites you but does no damage.
The quokka bites you. Grinder hits you!
You writhe in agony.
* * * LOW HITPOINT WARNING * * *
The quokka bites you.
* * * LOW HITPOINT WARNING * * *
Grinder gestures at you. You resist with significant effort.
The quokka bites you.
* * * LOW HITPOINT WARNING * * *
The quokka bites you.
You die...

###....########.#
..'.............#
##.....#########
#######.#
........#
........#
........#
#######.#######
#...@5.......
#.###r.....## ###
#......# #..
#......# #.#
#......# #.#
#.[....########'#
#.#######........
#.. #.##.....
#.##.....


You could see Grinder and a quokka.

Vanquished Creatures
  Crazy Yiuf (D:2)
  An adder (D:2)
  A worm (D:2)
  A dart slug (D:1)
  2 orcs (D:3)
  6 bats (D:2)
  5 endoplasms
  A giant cockroach (D:3)
  4 goblins
  8 hobgoblins
  4 jackals
  7 kobolds
  4 quokkas
  4 ball pythons
  2 frilled lizards
  2 rats
53 creatures vanquished.

Notes
Turn   | Place    | Note
-------+----------+-------------------------------------------
     0 | D:1      | Stomo444 the Vine Stalker Necromancer began the quest for
                  | the Orb.
     0 | D:1      | Reached XP level 1. HP: 9/9 MP: 4/4
   137 | D:1      | Found a faded altar of an unknown god.
   266 | D:1      | Reached skill level 1 in Fighting
   266 | D:1      | Reached skill level 1 in Short Blades
   266 | D:1      | Reached XP level 2. HP: 14/14 MP: 6/6
  1255 | D:2      | Reached XP level 3. HP: 18/18 MP: 7/7
  1348 | D:2      | Learned a level 3 spell: Vampiric Draining
  1793 | D:2      | Gained mutation: Your natural rate of healing is unusually
                  | fast. [Vine Stalker growth]
  1793 | D:2      | Reached XP level 4. HP: 19/23 MP: 5/8
  2024 | D:2      | Found a runed translucent door.
  2025 | D:2      | Noticed Crazy Yiuf
  2268 | D:2      | Killed Crazy Yiuf
  2814 | D:3      | Noticed Grinder
  2822 | D:3      | Paralysed by Grinder for 7 turns
  2826 | D:3      | Slain by a quokka

Illustrated notes

Levels and vault maps discovered:
D:1:      kennysheep_arrival_forest, layout_loops_corners,
          shapermc_ecumenical_altar_ellora, minmay_misc_feat_ornament
D:2:      layout_basic, serial_rivers, chequers_serial_rivers_room_a,
          chequers_serial_rivers_micro_a, chequers_serial_rivers_small_a,
          chequers_serial_rivers_micro_a, chequers_serial_rivers_room_b,
          uniq_crazy_yiuf_cottage
D:3:      layout_basic, uniq_grinder

Skill      XL: |  1  2  3 |
---------------+----------+-----
Fighting       | 1 2 |  2.4
Short Blades   | 1 2 |  2.4
Dodging        | |  1.9
Stealth        | |  2.4
Spellcasting   | |  2.1
Necromancy     | |  4.0

Action                   |  1- 3 |  4- 6 || total
-------------------------+-------+-------++-------
Melee: Dagger            |    77 |    38 ||   115
       Bite              |    14 |     5 ||    19
 Stab: Sleeping          |     8 |     4 ||    12
Armor: Robe              |    10 |     8 ||    18
Dodge: Dodged            |    36 |    15 ||    51
